Cogmind - Beta 16 @@@ ROGUE MODE // 2026.02.03 @ 08:34:38 Player: Ly0ko Result: Self-destructed Performance ------------- Evolutions (1) 500 Regions Visited (4) 800 Robots Destroyed (14) 70 Value Destroyed (347) 347 Prototype IDs (0) 0 Alien Tech Used (0) 0 Bonus (0) 0 TOTAL SCORE: 1717 Bonus ------- None Cogmind --------- Core Integrity 306/400 Matter 283/300 Energy 250/250 System Corruption 1% Temperature Cool (0) Movement Core (200) Ox3 Location -9/Storage Parts ------- > --- POWER (1) -------- Ion Engine > --- PROPULSION (4) --- (None) > --- UTILITY (2) ------ Small Storage Unit > --- WEAPON (2) ------- Assault Rifle > --- INVENTORY (8) ---- Ion Engine Light Treads Light Treads Aluminum Leg Grenade Launcher Peak State ------------ > --- POWER ------------ Ion Engine > --- PROPULSION ------- Aluminum Leg Aluminum Leg Aluminum Leg > --- UTILITY ---------- Small Storage Unit > --- WEAPON ----------- Medium Laser Assault Rifle > --- INVENTORY -------- Ion Engine Light Treads Light Treads Aluminum Leg Grenade Launcher [Rating: 7] Favorites ----------- Power Light Ion Engine Engine Light Ion Engine Propulsion Aluminum Leg Leg Aluminum Leg Utility Small Storage Unit Storage Small Storage Unit Weapon Assault Rifle Energy Gun EM Pulse Gun Ballistic Gun Assault Rifle Build | -11 -10 -10 -9 -9 ------- Run | Yrd Mat Min Mat Sto Slots Evolved 2 | . . . 2 . Power . | . . . . . Propulsion 2 | . . . 2 . Utility . | . . . . . Weapon . | . . . . . Parts Attached 10 | 6 1 1 2 . Power 2 | 1 . 1 . . Engine 2 | 1 . 1 . . Core . | . . . . . Reactor . | . . . . . Propulsion 4 | 2 1 . 1 . Treads . | . . . . . Leg 4 | 2 1 . 1 . Wheel . | . . . . . Hover . | . . . . . Flight . | . . . . . Utility 1 | 1 . . . . Device . | . . . . . Storage 1 | 1 . . . . Processor . | . . . . . Hackware . | . . . . . Protection . | . . . . . Artifact . | . . . . . Weapon 3 | 2 . . 1 . Energy Gun 2 | 1 . . 1 . Energy Cannon . | . . . . . Ballistic Gun 1 | 1 . . . . Ballistic Cannon . | . . . . . Launcher . | . . . . . Special Weapon . | . . . . . Impact Weapon . | . . . . . Slashing Weapon . | . . . . . Piercing Weapon . | . . . . . Special Melee Weapon . | . . . . . Unidentified Prototypes . | . . . . . Corrupted Parts 1 | . . . 1 . System Corruption 1 | . . . 1 . Parts Lost 4 | . . . . 4 Power . | . . . . . Propulsion 3 | . . . . 3 Utility . | . . . . . Weapon 1 | . . . . 1 Highest Loss Streak 2 | . . . . 2 To Critical Strikes . | . . . . . Average Backups 5 | 2 5 7 5 5 Power 1 | . 1 1 1 1 Propulsion 2 | 1 2 4 3 3 Utility . | . . . . . Weapon 1 | . 1 2 1 1 Tool/Special . | . . . . . Unused Backups 5 | . 1 . . 4 Power 2 | . 1 . . 1 Propulsion 2 | . . . . 2 Utility . | . . . . . Weapon 1 | . . . . 1 Tool/Special . | . . . . . Average Slot Usage (%) 75 | . 85 72 68 63 Engine 12 | . 14 12 11 11 Leg 26 | . 28 28 30 19 Storage 12 | . 14 14 11 11 Energy Gun 10 | . 14 2 8 10 Ballistic Gun 12 | . 14 14 8 11 Peak Build Rating 7 | 6 6 6 7 7 Average Rating 5 | 4 6 5 6 5 On Entrance 4 | . 6 6 5 7 Avg Prop Armor Cover (%) . | . . . . . Naked Turns . | . . . . . Heaviest Build 14 | 12 12 12 14 14 Greatest Support 30 | 20 20 20 30 30 Greatest Overweight (x) 1 | . . . . 1 Average Overweight (x) . | . . . . . Largest Inventory Capacity 8 | 8 8 8 8 8 Average Capacity 7 | 6 8 8 8 8 Most Carried 8 | 5 8 8 6 5 Average Carried 5 | 2 5 7 5 5 Final Capacity 8 | 8 8 8 8 8 Final Carried 8 | 4 8 7 5 5 Class Distribution -------------------- 100% | Mutant Dominant Class ---------------- Mutant | -10/Materials Mutant | -10/Mines Mutant | -9/Materials Mutant | -9/Storage Resources | -11 -10 -10 -9 -9 ----------- Run | Yrd Mat Min Mat Sto Matter Collected 375 | 188 104 35 . 48 Remotely . | . . . . . Salvage Created 456 | . 229 47 . 180 Parts 40 | . 18 11 . 11 Haulers Intercepted . | . . . . . Recyclers Shooed . | . . . . . Parts Field Recycled . | . . . . . Retrieved Matter . | . . . . . Parts Self-Destructed . | . . . . . Prevented . | . . . . . Parts Restored . | . . . . . Kills | -11 -10 -10 -9 -9 ------- Run | Yrd Mat Min Mat Sto Combat Hostiles Destroyed 13 | . 7 3 . 3 Guns 13 | . 7 3 . 3 Classes Destroyed 4 | . 2 . . 2 Watcher 1 | . . . . 1 Swarmer 6 | . 3 3 . . Grunt 4 | . 4 . . . Sentry 3 | . . . . 3 Best Kill Streak 6 | . 6 3 . 2 Combat Bots Only 6 | . 6 3 . 2 Max Kills in Single Turn 2 | . 1 2 . 1 Gunslinging 1 | . . 1 . . Exploded . | . . . . . Melee . | . . . . . Uniques/NPCs Destroyed . | . . . . . Combat | -11 -10 -10 -9 -9 -------- Run | Yrd Mat Min Mat Sto Hostile Shots Fired 92 | . 44 6 14 28 Missed 27 | . 13 1 5 8 Hits 65 | . 31 5 9 20 Projectile 65 | . 31 5 9 20 Critical Strikes 3 | . . . 1 2 Damage Taken 762 | . 283 44 125 310 Core 139 | . 45 . 48 46 Absorbed by Shields . | . . . . . Core Remaining (%) 91 | 100 . 82 . . Volleys Fired 34 | . 16 3 . 15 Largest 2 | . 2 2 . 2 Hottest 70 | . 60 60 . 70 Shots Fired 64 | . 32 6 . 26 Gun 64 | . 32 6 . 26 Cannon . | . . . . . Launcher . | . . . . . Special . | . . . . . Kinetic 34 | . 16 3 . 15 Thermal 11 | . . . . 11 Explosive . | . . . . . Electromagnetic 19 | . 16 3 . . Robot Hit Streak 10 | . 10 4 . 10 Robot Miss Streak 3 | . 2 2 . 3 Penetration Max . | . . . . . Secondary Targets 1 | . . 1 . . Max Gunslinging Chain 1 | . . 1 . . Shots Hit Robots 46 | . 22 3 . 21 Core Hits 25 | 3 12 3 . 7 Critical Kills . | . . . . . Critical Parts Destroyed . | . . . . . Critical Strikes 1 | . . . . 1 Burn 1 | . . . . 1 Melee Attacks . | . . . . . Impact . | . . . . . Slashing . | . . . . . Piercing . | . . . . . Sneak Attacks . | . . . . . Combat Hostiles . | . . . . . Follow-up Attacks . | . . . . . Damage Inflicted 597 | 6 286 32 . 273 Guns 586 | . 281 32 . 273 Cannons . | . . . . . Explosions . | . . . . . Melee . | . . . . . Ramming 11 | 6 5 . . . Kinetic 281 | . 98 10 . 173 Thermal 100 | . . . . 100 Explosive . | . . . . . Electromagnetic 205 | . 183 22 . . Impact . | . . . . . Slashing . | . . . . . Piercing . | . . . . . Highest Corruption 1 | . . . 1 1 Average Corruption 1 | . . . 1 1 Corruption Purged . | . . . . . Corruption Blocked . | . . . . . Overload Shots . | . . . . . Overflow Damage . | . . . . . Projectiles . | . . . . . Explosions . | . . . . . Melee . | . . . . . Knockbacks . | . . . . . Impact . | . . . . . Kinetic . | . . . . . Secondary . | . . . . . Self-Inflicted Damage . | . . . . . Shots . | . . . . . Rammed . | . . . . . Targets Rammed 5 | 3 2 . . . Kicked 5 | 3 2 . . . Crushed . | . . . . . Highest Temperature 36 | . 30 . 7 36 Average Temperature 17 | . 16 . 7 18 Received Heat Transfer 267 | . 72 . 87 108 Siege Activations . | . . . . . Martial Activations . | . . . . . Shielding Activations . | . . . . . Robots Disrupted . | . . . . . Combat Hostiles . | . . . . . Robots Corrupted . | . . . . . Combat Hostiles . | . . . . . Parts Fried . | . . . . . Impact Corruptions . | . . . . . Robots Melted . | . . . . . Combat Hostiles . | . . . . . Parts Melted 2 | . . . . 2 Heat Transferred 370 | . . . . 370 Parts Sabotaged . | . . . . . Parts Stolen . | . . . . . Parts Stripped . | . . . . . Power Chain Reactions . | . . . . . Alert | -11 -10 -10 -9 -9 ------- Run | Yrd Mat Min Mat Sto Maximum Alert Level . | . . . . . Low Security (%) 100 | 100 100 100 100 100 Level 1 . | . . . . . Level 2 . | . . . . . Level 3 . | . . . . . Level 4 . | . . . . . Level 5 . | . . . . . High Security . | . . . . . Max Security . | . . . . . Peak Influence 190 | . 190 134 32 50 Initial 64 | . . 64 32 . Average 54 | . 76 107 18 8 Influence Increases 434 | . 266 70 . 98 Destroy 0b10 Robot/C 260 | . 140 60 . 60 Destroy 0b10 Robot/NC 5 | . . . . 5 Destroy Leader 62 | . 20 10 . 32 Destroy Structure 2 | . 1 . . 1 Partial Spotted 15 | . 15 . . . Lose Combat Pursuer 90 | . 90 . . . Influence Decreases 384 | . 100 152 82 50 Entered New Map 156 | . . 102 52 2 Time Decay 218 | . 100 50 30 38 Lost Part 10 | . . . . 10 Squads Dispatched 2 | . 2 . . . Investigation 1 | . 1 . . . Extermination . | . . . . . Reinforcement 1 | . 1 . . . Assault . | . . . . . Garrison . | . . . . . Intercept . | . . . . . Searches Triggered . | . . . . . Construction Impeded . | . . . . . Haulers Reinforced . | . . . . . Active Scanning Responses . | . . . . . Cargo Convoy Interrupts . | . . . . . Stealth | -11 -10 -10 -9 -9 --------- Run | Yrd Mat Min Mat Sto Distress Signals 5 | . 4 . . 1 Communications Jammed . | . . . . . Distress Signals . | . . . . . Times Spotted 29 | . 19 3 3 4 Peak Tracking Total 5 | . 5 3 3 3 Tactical Retreats 2 | . 2 . . . Traps | -11 -10 -10 -9 -9 ------- Run | Yrd Mat Min Mat Sto Traps Triggered 1 | . 1 . . . Indirectly . | . . . . . Trap Hack Attempts . | . . . . . Triggered . | . . . . . Disarmed . | . . . . . Reprogrammed . | . . . . . Reused . | . . . . . Traps Extracted . | . . . . . Installed . | . . . . . Triggered . | . . . . . Machines | -11 -10 -10 -9 -9 ---------- Run | Yrd Mat Min Mat Sto Machines Disabled . | . . . . . Max in Single Turn . | . . . . . Machines Repaired . | . . . . . Machines Dismantled . | . . . . . Machines Sabotaged . | . . . . . Overloaded Fab Kills . | . . . . . Hacking | -11 -10 -10 -9 -9 --------- Run | Yrd Mat Min Mat Sto Machines Accessed . | . . . . . Terminals . | . . . . . Fabricators . | . . . . . Repair Stations . | . . . . . Recycling Units . | . . . . . Scanalyzers . | . . . . . Garrison Access . | . . . . . Total Hacks . | . . . . . Successful . | . . . . . Failed . | . . . . . Catastrophic . | . . . . . Database Lockouts . | . . . . . Manual . | . . . . . Terminals . | . . . . . Fabricators . | . . . . . Repair Stations . | . . . . . Recycling Units . | . . . . . Scanalyzers . | . . . . . Garrison Access . | . . . . . Terminal Hacks . | . . . . . Fabricator Hacks . | . . . . . Repair Station Hacks . | . . . . . Recycling Unit Hacks . | . . . . . Scanalyzer . | . . . . . Garrison Access Hacks . | . . . . . Unauthorized Hacks . | . . . . . Terminals . | . . . . . Fabricators . | . . . . . Repair Stations . | . . . . . Recycling Units . | . . . . . Scanalyzers . | . . . . . Garrison Access . | . . . . . Data Cores Recovered . | . . . . . Used . | . . . . . Hacking Detections . | . . . . . Full Trace Events . | . . . . . Feedback Events . | . . . . . Feedback Blocked . | . . . . . Robot Schematics Acquired . | . . . . . Robots Built . | . . . . . Authchips . | . . . . . Time . | . . . . . Total Robot Build Rating . | . . . . . Part Schematics Acquired . | . . . . . Parts Built . | . . . . . Authchips . | . . . . . Time . | . . . . . Total Part Build Rating . | . . . . . Part Studies Acquired . | . . . . . Parts Repaired . | . . . . . Time . | . . . . . Parts Recycled . | . . . . . Recycled Matter . | . . . . . Retrieved Matter . | . . . . . Retrieved Components . | . . . . . Parts Scanalyzed . | . . . . . Part Schematics Acquired . | . . . . . Parts Damaged . | . . . . . Bothacking | -11 -10 -10 -9 -9 ------------ Run | Yrd Mat Min Mat Sto Used RIF Installer . | . . . . . Robots Hacked . | . . . . . Non-combat . | . . . . . Combat . | . . . . . Robot Hacks Applied . | . . . . . Relay Couplers Released . | . . . . . Fabnet Peak Effective % . | . . . . . Robots Rewired . | . . . . . Allies Hacked . | . . . . . Hacks Repelled . | . . . . . Allies | -11 -10 -10 -9 -9 -------- Run | Yrd Mat Min Mat Sto Total Allies . | . . . . . Largest Group . | . . . . . Highest-Rated Group . | . . . . . Highest-Rated Ally . | . . . . . Total Orders . | . . . . . Ally Attacks . | . . . . . Total Damage . | . . . . . Kills . | . . . . . Allies Corrupted . | . . . . . Allies Melted . | . . . . . Intel | -11 -10 -10 -9 -9 ------- Run | Yrd Mat Min Mat Sto Active Infowar (turns) . | . . . . . Robot Analysis Total . | . . . . . Derelict Logs Recovered . | . . . . . Drone Launches . | . . . . . Drone Recoveries . | . . . . . Exploration | -11 -10 -10 -9 -9 ------------- Run | Yrd Mat Min Mat Sto Turns Passed 723 | 81 322 110 73 137 Spaces Moved 444 | 56 202 82 57 47 Core 3 | 3 . . . . Treads . | . . . . . Legs 441 | 53 202 82 57 47 Wheels . | . . . . . Hover . | . . . . . Flight . | . . . . . Fastest Speed 50 | 50 120 120 120 120 Average Speed 123 | 116 120 120 120 157 Slowest Speed 190 | 120 120 120 120 190 Overloaded Moves . | . . . . . Propulsion Burnouts . | . . . . . Robots Hopped . | . . . . . Potential Cave-ins . | . . . . . Cave-ins Triggered . | . . . . . Exploration Rate (%) 15 | 3 31 21 6 16 Regions Visited 4 Branch Regions 2 Pre-discovered Areas . | . . . . . Known Exits Taken . | . . . . . Unknown Exits Taken 4 | 1 1 1 1 . Scrap Searched . | . . . . . Spaces Dug . | . . . . . Terrain Destroyed . | . . . . . Melee . | . . . . . Projectile . | . . . . . AOE . | . . . . . Terrain Rammed . | . . . . . Walls Destroyed . | . . . . . Machines Disabled . | . . . . . Actions | -11 -10 -10 -9 -9 --------- Run | Yrd Mat Min Mat Sto Total 551 | 69 250 88 60 84 Wait 47 | . 25 . . 22 Move 440 | 55 201 81 56 47 Hop . | . . . . . Pick Up 9 | 5 4 . . . Fast Attach 7 | 5 . . 2 . Attach 4 | 1 . 1 2 . Detach . | . . . . . Swap 2 | . 1 1 . . Drop 3 | . 1 2 . . Fire 34 | . 16 3 . 15 Melee . | . . . . . Ram . | . . . . . Kick 5 | 3 2 . . . Crush . | . . . . . Escape Stasis . | . . . . . Rewire . | . . . . . Trap . | . . . . . Miscellaneous . | . . . . . Route ------- -11/Scrapyard -10/Materials -10/Mines -9/Materials -9/Storage History --------- Turn | Location | Event 22 | -11/Scrapyard | Discovered new exit (range 14) 82 | -11/Scrapyard | Entered Materials 325 | -10/Materials | Build established: Mutant 379 | -10/Materials | Discovered new exit (range 16) 404 | -10/Materials | Entered Mines 455 | -10/Mines | Found a hidden stash of uninstalled traps 500 | -10/Mines | Discovered new exit (range 10) 514 | -10/Mines | Entered Materials 514 | -9/Materials | Evolved 2 slots: Propulsion x2 529 | -9/Materials | Discovered new exit (range 13) 587 | -9/Materials | Entered Storage 724 | -9/Storage | Self-destructed Last Messages --------------- Critical hit (Burn: +37). LOCATION=UNKNOWN GOAL=ESCAPE W-16 Scout sends out distress signal. W-16 Scout destroyed. Aluminum Leg destroyed. Critical hit (Burn: +37). Aluminum Leg destroyed. Heat Sink melted. Y-45 Defender destroyed. Acquired 48 matter. R-06 Scavenger collects Lgt. Armor Plating. R-06 Scavenger collects Beam Rifle. Critical hit (Burn: +37). Y-45 Defender suffers critical hit (Burn). Aluminum Leg destroyed. Y-45 Defender destroyed. Med. Laser destroyed. Y-45 Defender destroyed. R-06 Scavenger collects Lgt. Treads. Map ----- +----------------------------------------------------+ | ???????????????????????????????????????? | | ???????????????????????????????????????? | | ???????????????????????????????????????? | | ???????????????????????????????????????? | | ???????????????????????????????????????? | | ???????????????????????????????????????? | | ???????????????????????????????????????? | | ???????????????????????????????????????? | | ???????????????????????????????????????? | | ????????????????? ???????????????????? | | ????????????????? ??????????????????? | | ????????????????? ??????????????????? | | ????????????????? ??????????????????? | | ????????????????? #??????????????????? | | ????????????????? #??????????????????? | | ????????????????? #??????????????????? | | ????????????????# #??????????????????? | | ????????????????# +??????????????????? | | ????????????????# #??????????????????? | | ????????????????# #??????????????????? | | ??????########### #??????????????????? | | ??????# # #??????????????????? | | ??????# =#r #???### ##?????????? | | ??????# ![# # #?????????? | | ????????? """""%/r / """ ???????????? | | ????????? """""@# # """ ???????????? | | ????????? """"" # # """ =#?????????? | | ????????? # + #?????????? | | ???????? # #"" """ ??????????? | | ????????# #######% #??????????????????? | | ????????#???????# #??????????????????? | | ????????????????# #??????????????????? | | ?????????#####??# ########???????????? | | ?????????? ?# # T #?????????? | | ??????????"""" ?# # """ #?????????? | | ????????? """" # # """ #?????????? | | ????????? """" # # """ #?????????? | | ????????? """" + +% "#????????? | | ???????# # # """ T#????????? | | ???????# # # """ "#????????? | | ???????# ?# # """ ##????????? | | ???????# ?# # +?????????? | | ???????########## ##" "###?#?????????? | | ?????????# #?"R"#?????????????? | | ?????????# #?"""#?????????????? | | ?????????# #?####?????????????? | | ?????????######+#####??????????????????? | | ????????????? ?????????????????????? | | ??????????? """ """???????????????????? | | ?????????" """ """ #?????????????????? | +----------------------------------------------------+ Best States ------------- Heat Dissipation 28 Energy Generation 10 Energy Capacity 250 Matter Stores 300 Matter Capacity 300 Sight Range 16 Terrain Scan Density 10 Evasion (%) 55 Item Schematics ----------------- None Robot Schematics ------------------ None Fabricated ------------ Nothing Repaired ---------- Nothing Studied --------- None Alien Tech Used ----------------- None Achievements -------------- A Problem For Future Me Challenges ------------ None Game ------ Seed CloakingSalvageFlail Manual? 0 Play Time 00:08:03 Cumulative 2.6 hours Start 2026.02.03 @ 08:27:39 End 2026.02.03 @ 08:34:38 Sessions 1 Manual Loads 0 Difficulty Rogue Special Mode None Game No. 10 Rogue 7 Adventurer 0 Explorer 3 Win Type - Total 0 Types 0/0/0/0/0/0/0/0/0/0 Lore% 1 Gallery% 6 Achievement% 8 Wizard Run 0 Options --------- Layout 0 ASCII 0 Keyboard 0 Movement Arrows Keybinds 0 Fullscreen 1 Font 24/Smallcaps Map View 76x50 Zoom Use 0% Tactical HUD 0 Map Filters NONE Filters NONE Steam 1 RUN: f4b2c686-fafe-4c33-8002-c8d9314693d2